 Dungeon Crawl Stone Soup version 0.27-a0-705-ga0013940fb (webtiles) character file.

Game seed: 2445218763039865445

84 robertstho the Ducker (level 4, -1/31 HPs)
             Began as an Octopode Fighter on Mar 22, 2021.
             Slain by an orc priest
             ... wielding a +0 club
              (7 damage)
             ... on level 3 of the Dungeon.
             The game lasted 00:02:09 (2080 turns).

robertstho the Ducker (Octopode Fighter)            Turns: 2080, Time: 00:02:10

Health: -1/31      AC:  1    Str: 15    XL:     4   Next: 46%
Magic:  4/4        EV: 11    Int: 10    God:
Gold:   129        SH:  9    Dex: 12    Spells: 3/3 levels left

rFire    + . .     SeeInvis .   a - +0 rapier
rCold    . . .     Faith    .   f - +1 kite shield {rF+}
rNeg     . . .     Spirit   .   (helmet restricted)
rPois    .         Reflect  .   (no amulet)
rElec    .         Harm     .   (no ring)
rCorr    .         Rampage  .   (no ring)
Will     .....                  (no ring)
Stlth    +++.......             (no ring)
HPRegen  0.10/turn              (no ring)
MPRegen  0.09/turn              (no ring)
                                (no ring)
                                (no ring)

@: mighty
A: almost no armour, amphibious, 8 rings, camouflage 1, gelatinous body 1,
nimble swimmer 1, tentacles
a: no special abilities


You were on level 3 of the Dungeon.
You visited 1 branch of the dungeon, and saw 3 of its levels.

You collected 129 gold pieces.

Inventory:

Hand Weapons
 a - a +0 rapier (weapon)
Armour
 f - a +1 kite shield of fire resistance (worn)
Scrolls
 b - a scroll of teleportation
 g - a scroll of magic mapping
Potions
 d - 2 potions of curing
 e - a potion of cancellation {unknown}


   Skills:
 * Level 3.5 Fighting
 + Level 2.5 Short Blades
 * Level 3.6 Dodging
 * Level 2.4 Stealth
 + Level 3.3 Shields


You had 3 spell levels left.
You didn't know any spells.
Your spell library contained the following spells:

 Spells                   Type           Power      Damage    Failure   Level
 Confusing Touch          Hex            0%         N/A       99%         3
 Gell's Gravitas          Tloc           0%         N/A       99%         3
 Petrify                  Tmut/Erth      0%         N/A       100%        4
 Metabolic Englaciation   Hex/Ice        0%         N/A       100%        5
 Yara's Violent Unravell  Hex/Tmut       0%         3d3       100%        5


Dungeon Overview and Level Annotations

Branches:
Dungeon (3/15)

Altars:
Cheibriados


Innate Abilities, Weirdness & Mutations

You cannot wear most types of armour.
You are amphibious.
You can wear up to eight rings at the same time.
Your skin changes colour to match your surroundings (Stealth+).
Your rubbery body absorbs attacks. (AC +1, EV +1)
You are stealthy while swimming. (Stealth+)
You have tentacles for arms and can constrict up to eight enemies at once.


Message History

HP restored.
There is a large open door here.
d - 4 purple potions (gained 1)
You open the large door.
There is a large open door here.
You now have 129 gold pieces (gained 13).
You open the large door.
There is a large open door here.
You open the large door.
There is a large open door here.
A rat and an orc come into view.
The orc shouts!
You hear a shout! x2
An orc comes into view. It is wielding a +0 club.
An orc comes into view. It is wielding a +0 mace.
An orc priest comes into view. It is wielding a +0 club.
The rat bites you but does no damage.
The orc moves out of view.
You closely miss the rat. Your grab misses the rat.
The orc priest calls down the wrath of Beogh upon you.
Beogh smites you! The rat barely misses you.
The orc shouts!
You hit the rat.
You kill the rat!
You hit the orc. Your grab misses the orc.
The orc is severely wounded.
The orc hits you with a +0 short sword! The orc closely misses you.
You are too injured to fight recklessly!
You are too injured to fight recklessly!
You are too injured to fight recklessly!
It was a potion of curing.
You feel better. The orc misses you. You block the orc's attack.
The orc priest closely misses you.
You feel very mighty all of a sudden. You block the orc's attack.
The orc barely misses you. The orc priest misses you.
The orc hits you with a +0 mace!
* * * LOW HITPOINT WARNING * * *
You feel better. The orc hits you with a +0 club.
The orc hits you with a +0 short sword.
* * * LOW HITPOINT WARNING * * *
A kobold comes into view. It is wielding a +0 short sword.
The orc priest hits you with a +0 club!
You die...

.............#.# ###
######.####.#.# #.#.
#..###.#.# #. .###
##..##.#.# #.
..#####''####.# # # #.
#.##........#.# ...#.#.
#.##........#.#
K.....o###..#..⌠..⌠..#.#
#.....o@....'....[...'.#
#....#oo.##.'........'.#
..# ###.####..⌠..⌠..#.#
#.# #........#.# #.#
#........#.# #.#
#####''####.# #.#
#..)...# #.# #.#
######.# #.# #...# #.#


You could see an orc priest, 3 orcs and a kobold (wandering).

Vanquished Creatures
  Jessica (D:2)
  A worm (D:2)
  A dart slug (D:2)
  4 orcs
  6 bats
  3 goblins
  8 hobgoblins
  4 jackals (D:1)
  An ooze (D:1)
  4 quokkas
  4 ball pythons
  A frilled lizard (D:1)
  2 kobolds (D:1)
  3 rats
43 creatures vanquished.

Vanquished Creatures (others)
  2 plants (D:1)
2 creatures vanquished.

Grand Total: 45 creatures vanquished

Notes
Turn   | Place    | Note
-------+----------+-------------------------------------------
     0 | D:1      | robertstho the Octopode Fighter began the quest for the
                  | Orb.
     0 | D:1      | Reached XP level 1. HP: 16/16 MP: 1/1
   460 | D:1      | Reached XP level 2. HP: 18/21 MP: 2/2
   473 | D:1      | Reached skill level 1 in Stealth
   717 | D:1      | Reached XP level 3. HP: 18/26 MP: 3/3
  1262 | D:2      | Noticed Jessica
  1271 | D:2      | Killed Jessica
  1272 | D:2      | Reached XP level 4. HP: 22/31 MP: 4/4
  1363 | D:2      | Found a snail-covered altar of Cheibriados.
  2080 | D:3      | Slain by an orc priest

Illustrated notes

Levels and vault maps discovered:
D:1:      eino_arrival_druids_welcome, layout_rooms, hangedman_glass_teeth,
          minmay_misc_feat_doors, minmay_stone_trees_medium, minivault_14
D:2:      layout_loops_cross, old_standard_altar, uniq_jessica
D:3:      layout_basic, nicolae_hepliaklqana_hippocampus, xom_butterflies,
          serial_shops, shop, kennysheep_generic_room_5

Skill      XL: |  1  2  3  4 |
---------------+-------------+-----
Stealth        | 1 2 |  2.4
Fighting       | |  3.5
Short Blades   | |  2.5
Dodging        | |  3.6
Shields        | |  3.3

Action                   |  1- 3 |  4- 6 || total
-------------------------+-------+-------++-------
Melee: Rapier            |    49 |    30 ||    79
       Constrict         |    12 |     9 ||    21
       Tentacles         |     9 |     5 ||    14
  Use: Scroll            |     2 |     2 ||     4
       Potion            |       |     3 ||     3
 Stab: Sleeping          |     2 |     2 ||     4
       Distracted        |     1 |       ||     1
Armor: Skin              |     8 |     3 ||    11
Dodge: Dodged            |    29 |    15 ||    44
Block: Kite shield       |    28 |    13 ||    41

Table legend: (Time is in decaauts)
 A = Elapsed time spent in this place.
 B = Non-inter-level travel time spent in this place.
 C = Inter-level travel time spent in this place.
 D = Time resting spent in this place.
 E = Time spent auto-exploring this place.
 F = Levels seen in this place.
 G = Mean time per level.
                   A        B        C        D        E       F      G
               +--------+--------+--------+--------+--------+-----+--------+
         Total |   2104 |   2058 |     46 |    188 |   1596 |   3 |  701.3 |
       Dungeon |   2104 |   2058 |     46 |    188 |   1596 |   3 |  701.3 |
               +--------+--------+--------+--------+--------+-----+--------+

Top non-repeatable levels by time:
     D:1: 999 daAuts
     D:2: 956 daAuts
     D:3: 148 daAuts
